Map: Curious Minds LE

Players

LiquidClem (Clem)

  • Race: Terran Terran

Dream - Winner!

  • Race: Terran Terran

Event: TSL 8

VOD

Have the link to the VOD?

Description

Time

  • Played on: Nov. 28, 2021, 9:22 a.m.
  • Length: 13:27

All games in this series

Show
View Real Time Build Order
Export as new Build Order

LiquidClem Terran 

Build Orders:  

Get SALT Encoding   

  12  0:00  SCV  
  13  0:12  SCV  
  14  0:17  Supply Depot  
  14  0:25  SCV  
  15  0:38  SCV  
  15  0:39  Barracks  
  16  0:43  Refinery  
  16  0:50  SCV  
  16  0:53  Refinery  
  17  1:02  SCV  
  18  1:14  SCV  
  19  1:26  Reaper  
  19  1:27  Supply Depot, Orbital Command  
  20  1:40  Factory  
  20  1:52  SCV  
  21  1:58  Barracks Reactor  
  21  2:04  SCV  
  22  2:15  Command Center  
  22  2:17  SCV  
  23  2:24  Hellion  
  23  2:29  SCV  
  26  2:34  Supply Depot, Reaper  
  26  2:35  Reaper  
  28  2:43  SCV  
  29  2:45  Hellion  
  31  2:53  Starport  
  31  2:57  SCV  
  32  3:06  Hellion, Reaper  
  32  3:07  Reaper  
  32  3:10  SCV  
  37  3:15  Refinery  
  37  3:22  SCV  
  38  3:28  Orbital Command  
  38  3:29  Factory Tech Lab, Starport Tech Lab  
  38  3:35  SCV  
  38  3:38  Marine  
  38  3:39  Marine  
  41  3:48  Cyclone  
  41  3:50  SCV  
  41  3:55  SCV  
  46  4:02  SCV  
  47  4:03  Raven  
  47  4:07  Supply Depot  
  49  4:10  SCV  
  49  4:14  SCV  
  51  4:20  Marine x2  
  51  4:23  Siege Tank  
  54  4:28  Supply Depot, SCV x2  
  52  4:41  SCV x2  
  56  4:48  Raven  
  58  4:53  SCV x2  
  58  4:56  Command Center  
  58  5:03  Siege Tank  
  58  5:05  SCV x2  
  62  5:11  Marine  
  62  5:12  Supply Depot, Marine  
  62  5:17  SCV x2  
  64  5:29  SCV x2  
  64  5:32  Supply Depot  
  64  5:35  Siege Tank  
  69  5:38  Barracks  
  69  5:40  Barracks  
  69  5:41  SCV x2  
  69  5:42  Refinery  
  71  5:47  Viking  
  73  5:52  Viking  
  73  5:53  SCV x2  
  73  5:55  Stimpack  
  73  5:56  Marine  
  78  5:58  Supply Depot  
  78  6:05  SCV  
  78  6:09  Orbital Command  
  78  6:10  Siege Tank  
  82  6:14  SCV, Marine  
  82  6:18  Viking  
  86  6:19  SCV  
  86  6:22  Viking  
  86  6:24  Engineering Bay  
  89  6:25  Engineering Bay  
  89  6:31  Orbital Command  
  90  6:33  Supply Depot  
  90  6:34  Barracks Reactor x2  
  90  6:35  SCV x2  
  90  6:37  Marine  
  92  6:47  SCV, Siege Tank  
  96  6:48  SCV  
  96  6:54  Supply Depot  
  97  6:55  Marine  
  97  6:56  Viking x2  
  97  6:58  SCV  
  103  7:01  SCV  
  103  7:02  SCV  
  103  7:05  Supply Depot, Terran Infantry Armor Level 1  
  105  7:12  Marine x3  
  105  7:14  Supply Depot  
  105  7:15  SCV  
  109  7:21  Terran Infantry Weapons Level 1, SCV  
  110  7:22  Barracks  
  110  7:24  Barracks  
  110  7:27  Siege Tank  
  110  7:28  SCV  
  114  7:33  Viking  
  114  7:35  Viking  
  114  7:36  Marine x2  
  116  7:37  Marine  
  116  7:39  Marine  
  116  7:40  SCV x2  
  116  7:42  SCV  
  116  7:44  Marine  
  122  7:53  Combat Shield  
  122  7:54  Marine x2  
  122  7:55  Supply Depot, Marine  
  122  7:57  Marine  
  126  8:02  Siege Tank  
  126  8:03  Marine  
  126  8:04  SCV x3  
  133  8:12  Viking x2, Marine  
  138  8:14  Marine  
  138  8:17  Marine  
  138  8:24  Marine  
  138  8:26  Marine x2  
  130  8:27  SCV  
  130  8:32  Marine x2  
  130  8:33  Marine  
  119  8:34  Siege Tank  
  119  8:36  Marine  
  114  8:42  SCV, Viking, Marine  
  114  8:44  Marine x2  
  114  8:45  Medivac  
  112  8:49  Marine, Barracks  
  112  8:50  Marine, Barracks  
  112  8:51  SCV x2, Barracks  
  112  8:52  Refinery, Marine  
  112  8:53  Refinery  
  112  8:54  Marine  
  115  9:00  SCV, Marine  
  117  9:03  Marine  
  117  9:05  Marine  
  117  9:07  Marine x2  
  117  9:08  Siege Tank  
  124  9:12  Medivac  
  124  9:13  Supply Depot  
  124  9:14  Marine x2  
  124  9:15  Medivac  
  128  9:20  Marine  
  128  9:21  Marine  
  128  9:23  Marine  
  125  9:25  Marine  
  125  9:27  Armory  
  125  9:28  Marine  
  127  9:32  Marine  
  127  9:33  Marine  
  127  9:38  Marine  
  130  9:39  Marine  
  130  9:41  Siege Tank, Marine  
  130  9:42  Medivac  
  130  9:43  Marine x3  
  130  9:44  Marine  
  135  9:46  Marine  
  135  9:47  Medivac  
  135  9:49  Marine  
  135  9:51  Marine  
  140  9:56  Marine  
  140  9:57  Marine  
  140  9:58  Marine  
  97  10:00  Marine  
  97  10:01  Marine x2  
  97  10:02  Marine  
  97  10:04  Marine  
  85  10:07  Marine  
  85  10:08  SCV  
  85  10:09  SCV, Marine  
  85  10:12  Medivac  
  85  10:13  Marine  
  90  10:14  Marine  
  90  10:16  SCV, Marine  
  90  10:20  SCV  
  90  10:21  SCV  
  92  10:26  Siege Tank  
  94  10:30  Marine x2  
  94  10:32  Marine x2  
  94  10:34  SCV  
  89  10:36  Medivac  
  89  10:38  Marine  
  89  10:39  Marine  
  89  10:42  SCV  
  94  10:46  Terran Infantry Weapons Level 2  
  93  10:51  Terran Infantry Armor Level 2  
  93  10:55  Marine x2  
  95  10:58  SCV x2  
  95  11:02  Siege Tank  
  95  11:03  Marine  
  101  11:05  SCV  
  102  11:12  Marine x4  
  106  11:21  Medivac, Marine x3  
  106  11:23  Marine x2  
  98  11:26  SCV  
  98  11:29  Marine  
  98  11:30  Marine x3  
  98  11:31  Marine  
  92  11:34  Siege Tank  
  92  11:39  Marine x3  
  95  11:40  Medivac  
  95  11:42  Marine  
  95  11:46  Marine  
  99  11:47  Marine  
  99  11:48  Marine  
  99  11:51  Medivac  
  103  11:58  Sensor Tower  
  103  12:00  Marine x2  
  103  12:01  Marine  
  106  12:07  Marine x4  
  110  12:09  Siege Tank  
  110  12:13  Marine x2  
  116  12:18  Marine x2  
  118  12:25  Command Center  
  118  12:29  Factory, Marine  
  117  12:30  Marine x2  
  117  12:31  Marine  
  117  12:35  Marine  
  117  12:37  Marine x2  
  101  12:38  Marine x2  
  101  12:39  Marine  
  101  12:42  Siege Tank  
  101  12:44  Viking  
  107  12:46  Viking, Marine  
  107  12:48  Marine x2  
  112  12:51  Marine  
  112  12:53  Marine  
  112  12:54  Marine  
  112  12:55  Marine  
  112  12:56  Marine x2  
  112  12:57  Marine  
  96  13:04  Marine  
  96  13:06  Marine x2  
Show
View Real Time Build Order
Export as new Build Order

Dream Terran - Winner!

Build Orders:  

Get SALT Encoding   

  12  0:00  SCV  
  13  0:12  SCV  
  14  0:17  Supply Depot  
  14  0:24  SCV  
  15  0:38  SCV  
  15  0:39  Barracks  
  15  0:42  Refinery  
  16  0:50  SCV  
  16  0:53  Refinery  
  17  1:03  SCV  
  18  1:15  SCV  
  19  1:26  Reaper  
  19  1:27  Supply Depot, Orbital Command  
  20  1:39  Factory  
  20  1:52  SCV  
  21  1:58  Reaper  
  22  2:04  SCV  
  23  2:15  Command Center  
  23  2:18  SCV  
  24  2:24  Hellion  
  26  2:30  SCV, Barracks Reactor  
  27  2:37  Starport  
  27  2:42  SCV  
  28  2:46  Factory Tech Lab  
  28  2:49  Supply Depot  
  28  2:54  SCV  
  29  3:06  SCV  
  29  3:08  Marine  
  29  3:10  Siege Tank, Marine  
  35  3:17  Medivac  
  35  3:18  Refinery  
  35  3:19  SCV  
  38  3:27  Orbital Command  
  38  3:31  SCV  
  38  3:33  Marine  
  38  3:34  Marine  
  41  3:43  SCV  
  41  3:48  Siege Tank  
  45  3:50  Starport Tech Lab  
  45  3:53  SCV  
  46  3:57  Marine x2  
  46  3:59  SCV  
  48  4:06  SCV  
  48  4:07  Supply Depot  
  49  4:10  Raven  
  48  4:19  Marine x2  
  50  4:27  Siege Tank  
  50  4:29  SCV x2  
  53  4:37  Marine x2  
  52  4:41  SCV x2  
  50  4:51  Refinery  
  50  4:53  SCV x2  
  50  4:55  Marine x2  
  50  4:58  Raven  
  56  5:05  SCV x2  
  58  5:08  Command Center  
  58  5:14  Supply Depot x2  
  58  5:17  SCV x2  
  58  5:18  Marine x2  
  61  5:25  Siege Tank  
  61  5:29  SCV  
  62  5:35  SCV  
  62  5:39  Marine x2  
  62  5:41  SCV, Raven  
  68  5:47  Supply Depot, SCV  
  69  5:54  SCV  
  70  5:57  Siege Tank, Marine x2  
  70  6:00  SCV  
  76  6:06  SCV  
  76  6:11  Barracks  
  77  6:13  SCV  
  77  6:15  Barracks  
  77  6:18  SCV  
  79  6:19  Orbital Command  
  79  6:25  Engineering Bay x2  
  79  6:28  SCV  
  79  6:29  Stimpack  
  79  6:30  SCV  
  79  6:31  Siege Tank  
  84  6:33  Viking  
  84  6:36  Viking  
  88  6:42  SCV  
  88  6:43  SCV, Marine  
  88  6:46  Orbital Command  
  91  6:51  Supply Depot  
  91  6:52  Terran Infantry Weapons Level 1, Terran Infantry Armor Level 1  
  91  6:55  SCV x2  
  93  7:03  Barracks Reactor x2, Siege Tank  
  93  7:04  Marine  
  93  7:07  SCV x2  
  93  7:08  Viking  
  101  7:22  Marine  
  102  7:23  Supply Depot  
  102  7:24  Supply Depot  
  102  7:25  Supply Depot  
  101  7:33  SCV x2  
  102  7:40  Marine  
  102  7:42  Siege Tank  
  106  7:45  Viking x2  
  106  7:47  SCV x2  
  106  7:49  Marine x3  
  115  7:51  Marine  
  115  7:58  Marine  
  117  7:59  SCV x2  
  119  8:06  Marine x2  
  119  8:07  Marine  
  119  8:09  Marine  
  119  8:11  SCV  
  119  8:12  SCV  
  123  8:15  Marine  
  125  8:20  Siege Tank, Viking x2  
  125  8:23  SCV  
  125  8:24  SCV, Marine x2  
  125  8:25  Marine  
  112  8:27  Marine  
  112  8:33  Marine  
  102  8:36  SCV x2  
  102  8:38  Orbital Command  
  99  8:42  Marine x2  
  99  8:43  Marine  
  99  8:45  Marine  
  99  8:48  SCV x2  
  99  8:51  Marine  
  99  8:52  Medivac, Siege Tank  
  104  9:00  SCV x2  
  104  9:02  Medivac  
  108  9:05  Marine x4  
  108  9:09  Marine  
  112  9:17  SCV x2  
  112  9:18  SCV  
  112  9:22  Refinery  
  112  9:23  Refinery, Marine x4  
  118  9:27  Armory, Marine, Barracks  
  119  9:37  Viking x2  
  123  9:41  Marine  
  123  9:43  Combat Shield  
  122  9:46  Marine x2  
  122  9:47  Marine x2  
  122  9:51  Supply Depot  
  126  9:53  Supply Depot  
  126  9:54  Siege Tank  
  126  9:59  Marine  
  113  10:04  SCV x3, Marine x2  
  113  10:05  Marine x2  
  102  10:09  Viking  
  102  10:10  Viking  
  106  10:16  Marine  
  104  10:22  Marine  
  104  10:23  Barracks Reactor  
  104  10:25  Barracks  
  105  10:30  Marine  
  105  10:33  Marine x2  
  105  10:34  Command Center, Marine  
  96  10:38  Siege Tank  
  96  10:40  Marine  
  96  10:41  Terran Infantry Weapons Level 2, Terran Infantry Armor Level 2  
  97  10:48  Medivac x2  
  97  10:49  Marine  
  102  10:51  Marine  
  102  10:53  Marine  
  104  10:57  Supply Depot  
  104  11:00  Marine x2  
  104  11:01  Marine x2  
  107  11:07  Marine  
  107  11:08  Marine  
  107  11:10  Siege Tank, Terran Vehicle Weapons Level 1  
  111  11:12  Marine  
  111  11:15  Marine  
  111  11:18  Marine x2  
  111  11:19  Marine x2  
  111  11:22  SCV x2  
  111  11:25  Marine  
  92  11:26  Marine  
  89  11:33  SCV  
  89  11:34  SCV, Marine  
  89  11:36  Marine  
  94  11:42  Siege Tank, Marine x2  
  94  11:44  Marine x2  
  101  11:49  SCV x2  
  101  11:52  Barracks Reactor  
  101  11:53  Marine x2  
  104  12:00  SCV  
  104  12:01  Marine x3  
  105  12:02  Marine  
  109  12:09  SCV x2  
  109  12:10  Viking x2  
  109  12:11  Marine  
  109  12:12  Marine x2  
  118  12:18  Planetary Fortress  
  118  12:19  Marine x2  
  118  12:20  SCV  
  118  12:21  SCV, Marine x2  
  124  12:29  Marine  
  125  12:30  Marine x2  
  125  12:33  SCV  
  125  12:35  Marine x2  
  125  12:37  Marine x2  
  112  12:40  Siege Tank, Viking x2, Marine  
  112  12:41  Marine  
  122  12:46  Marine  
  122  12:48  Marine x2  
  125  12:53  Marine x2  
  125  12:54  Marine  
  125  12:55  Marine  
  116  12:58  Marine x2  
  116  13:04  Marine  
  116  13:06  Marine x2  
Tags
 
Add a new tag
Caveats
  • Supply blocks, unpowered buildings, or Contaminate may cause inaccurate times.
  • Supply counts are checked every 10 seconds.